[Event "Titled Tuesday Blitz February 22 Early 2022"]
[White "Demchenko, Anton"]
[Black "Krysa, Leandro"]
[WhiteFideId "4160258"]
[BlackFideId "116807"]
[WhiteElo "2539"]
[BlackElo "2490"]
[Result "1-0"]
[Round "10"]
[TimeControl "180+1"]
[Date "2022.02.22"]
[WhiteClock "0:00:09"]
[BlackClock "0:00:08"]

1. e4 e5 2. Nf3 Nf6 3. Nxe5 d6 4. Nf3 Nxe4 5. Nc3 Nf6 6. d4 Be7 7. h3 O-O 8. Bd3 Re8 9. O-O Nbd7 10. Ne2 Nf8 11. Ng3 Ng6 12. c4 d5 13. Qc2 c6 14. c5 Be6 15. Bd2 Qc7 16. Rfe1 Bf8 17. b4 a6 18. a4 Nf4 19. Bf1 h6 20. Ne5 N4h5 21. Nxh5 Nxh5 22. Bd3 Nf6 23. b5 axb5 24. axb5 Rxa1 25. Rxa1 Ne4 26. Ba5 Qc8 27. f3 f6 28. Ng6 Ng5 29. h4 Nf7 30. b6 Nh8 31. h5 Nxg6 32. hxg6 f5 33. Bd2 Qd8 34. Ra7 Qf6 35. Bc3 Bc8 36. Ra8 f4 37. Ra1 Qh4 38. Qf2 Qf6 39. Re1 Rxe1+ 40. Qxe1 Bf5 41. Bxf5 Qxf5 42. Qe8 Qb1+ 43. Be1 Qf5 44. Bf2 h5 45. Bh4 1-0


[Site "https://www.chess.com"]

[Event "Titled Tuesday Blitz February 22 Early 2022"]
[White "Dilmukhametov, Artur"]
[Black "Unat, Can Haktan"]
[WhiteFideId "24179922"]
[BlackFideId "6398073"]
[WhiteElo "2266"]
[BlackElo "1980"]
[Result "0-1"]
[Round "10"]
[TimeControl "180+1"]
[Date "2022.02.22"]
[WhiteClock "0:00:18"]
[BlackClock "0:00:41"]

1. e4 c5 2. f4 e6 3. Nf3 d5 4. Bb5+ Bd7 5. Bxd7+ Qxd7 6. exd5 exd5 7. O-O Nc6 8. Qe1+ Be7 9. Nc3 f6 10. a3 O-O-O 11. d3 h6 12. Qg3 g5 13. fxg5 hxg5 14. b4 Bd6 15. Qf2 g4 16. bxc5 Bb8 17. Nh4 Nge7 18. g3 Ne5 19. Bf4 Rxh4 20. Bxe5 Bxe5 21. d4 Bxg3 22. Qxg3 Rdh8 23. Rxf6 Rxh2 24. Qxh2 Rxh2 25. Kxh2 Nf5 26. Rf8+ Kc7 27. Rf1 g3+ 28. Kg1 Qh7 29. Nxd5+ Kc6 30. Rf6+ Kxd5 31. R6xf5+ Kc4 32. Kg2 Qh2+ 33. Kf3 g2 34. Kf2 g1=Q+ 0-1


[Site "https://www.chess.com"]

[Event "Titled Tuesday Blitz February 22 Early 2022"]
[White "Djokic, Mihailo"]
[Black "Prieto Aranguren, Alain"]
[WhiteFideId "976440"]
[BlackFideId "2268906"]
[WhiteElo "2008"]
[BlackElo "2235"]
[Result "1/2-1/2"]
[Round "10"]
[TimeControl "180+1"]
[Date "2022.02.22"]
[WhiteClock "0:01:10"]
[BlackClock "0:00:43"]

1. e4 e5 2. Nf3 d5 3. Nxe5 dxe4 4. d4 Nf6 5. Nc3 Bd6 6. Nc4 Be7 7. Be2 O-O 8. O-O Be6 9. Bg5 c6 10. Ne3 Nbd7 11. a4 Nb6 12. a5 Nbd5 13. Ncxd5 cxd5 14. c4 dxc4 15. Bxc4 Bxc4 16. Nxc4 Qd5 17. Bxf6 Bxf6 18. Rc1 Qxd4 19. Qb3 Rab8 20. Rfd1 Qc5 21. Nd6 Qxa5 22. Nxe4 Qe5 23. Nxf6+ Qxf6 24. Rd7 Rfc8 25. Rcd1 Qe6 26. Qa4 Re8 27. h3 a6 28. R7d6 Qe4 29. Qb3 Re7 30. Rd8+ Rxd8 31. Rxd8+ Re8 32. Rxe8+ Qxe8 33. Qxb7 a5 34. Kf1 h6 35. Qd5 a4 36. Qc4 Qd7 37. Kg1 Qd2 38. Qc8+ Kh7 39. Qf5+ Kg8 40. Qc8+ Kh7 41. Qf5+ Kg8 42. Qc8+ 1/2-1/2


[Site "https://www.chess.com"]

[Event "Titled Tuesday Blitz February 22 Early 2022"]
[White "Dzhaparov, Medet"]
[Black "Magallanes, Rey Jomar"]
[WhiteFideId "13803689"]
[BlackFideId "5205948"]
[WhiteElo "1702"]
[BlackElo "2234"]
[Result "1-0"]
[Round "10"]
[TimeControl "180+1"]
[Date "2022.02.22"]
[WhiteClock "0:00:17"]
[BlackClock "0:00:01"]

1. e4 c5 2. Nf3 d6 3. d4 cxd4 4. Nxd4 Nf6 5. Nc3 a6 6. Bg5 e6 7. f4 Be7 8. Qf3 Qc7 9. Bd3 Nbd7 10. g4 h6 11. Bxf6 Bxf6 12. Nde2 b5 13. e5 Bb7 14. Be4 d5 15. exf6 dxe4 16. fxg7 Rg8 17. Nxe4 Rxg7 18. Nd6+ Qxd6 19. Qxb7 Rd8 20. Qf3 Nc5 21. Nc3 Qd2+ 22. Kf1 Kf8 23. Rd1 Qxc2 24. Rxd8+ Ke7 25. Rd1 Qxb2 26. Ne2 f5 27. Qc6 Ne4 28. Rd7+ Kf6 29. Rxg7 Qb1+ 30. Kg2 Qd3 31. g5+ hxg5 32. fxg5+ Kxg7 33. Re1 Qe3 34. Qd7+ 1-0


[Site "https://www.chess.com"]

[Event "Titled Tuesday Blitz February 22 Early 2022"]
[White "Dziththauly, Ramadhan"]
[Black "Narayanan, Srinath"]
[WhiteFideId "7105525"]
[BlackFideId "5018420"]
[WhiteElo "2596"]
[BlackElo "2472"]
[Result "1-0"]
[Round "10"]
[TimeControl "180+1"]
[Date "2022.02.22"]
[WhiteClock "0:00:09"]
[BlackClock "0:00:11"]

1. d4 Nf6 2. c4 e6 3. Nc3 Bb4 4. Qc2 O-O 5. e4 d5 6. e5 Ne4 7. Bd3 c5 8. Ne2 cxd4 9. Nxd4 Nd7 10. Bf4 Ndc5 11. O-O Bxc3 12. bxc3 b6 13. cxd5 Nxd3 14. Qxd3 Qxd5 15. Rfd1 Nc5 16. Qg3 Qe4 17. Nb5 Ba6 18. Nc7 Rac8 19. Nxa6 Nxa6 20. Rd7 Rc7 21. Rd4 Qg6 22. Qf3 h5 23. Rad1 Nc5 24. h3 Rcc8 25. Be3 Qh7 26. Rh4 g6 27. Bg5 f5 28. exf6 Qb7 29. Qe3 Rc7 30. Rhd4 Kf7 31. Bh6 Re8 32. Bg7 e5 33. Rd8 Rxd8 34. Rxd8 Ne6 35. Rh8 Qd5 36. Rh7 Nf4 37. Qf3 Qxf3 38. gxf3 Ke6 39. Rh8 Nxh3+ 40. Kh2 Ng5 41. Re8+ Kf5 42. Rxe5+ Kf4 43. Re7 Nxf3+ 44. Kg2 Rc5 45. f7 Rg5+ 46. Kf1 Rg1+ 47. Ke2 Re1+ 48. Kd3 Rd1+ 49. Kc2 Rd8 50. Kb3 h4 51. f8=Q+ Rxf8 52. Bxf8 h3 53. Rh7 Kg4 54. Bd6 g5 55. Bg3 a5 56. Rb7 Ng1 57. Rxb6 Ne2 58. Rh6 Nxg3 59. fxg3 Kxg3 60. c4 g4 61. c5 Kh2 62. c6 g3 63. c7 g2 64. Rg6 Kh1 65. c8=Q h2 66. Qc6 a4+ 67. Kxa4 1-0


[Site "https://www.chess.com"]

[Event "Titled Tuesday Blitz February 22 Early 2022"]
[White "Erdogdu, Mert"]
[Black "Lazavik, Denis"]
[WhiteFideId "6301495"]
[BlackFideId "13515110"]
[WhiteElo "2485"]
[BlackElo "2436"]
[Result "0-1"]
[Round "10"]
[TimeControl "180+1"]
[Date "2022.02.22"]
[WhiteClock "0:00:05"]
[BlackClock "0:00:55"]

1. e4 e5 2. f4 exf4 3. Nf3 d6 4. Bc4 g5 5. O-O Bg7 6. d4 Nc6 7. Nxg5 Qxg5 8. Bxf4 Qe7 9. Nc3 Bxd4+ 10. Kh1 Bxc3 11. bxc3 Be6 12. Bd5 Qd7 13. Bg5 Nge7 14. Rb1 O-O-O 15. c4 b6 16. c3 Rhg8 17. Bh4 Ne5 18. c5 dxc5 19. Qh5 Nxd5 20. Bxd8 Qxd8 21. Qxe5 Ne3 22. Rf3 Qd2 23. Rg1 Rxg2 24. Rxe3 Rxg1+ 25. Kxg1 Qxe3+ 0-1


[Site "https://www.chess.com"]

[Event "Titled Tuesday Blitz February 22 Early 2022"]
[White "Escudero Donoso, Felipe"]
[Black "Karabalis, Harilos"]
[WhiteFideId "3410595"]
[BlackFideId "4621808"]
[WhiteElo "2184"]
[BlackElo "2168"]
[Result "0-1"]
[Round "10"]
[TimeControl "180+1"]
[Date "2022.02.22"]
[WhiteClock "0:00:02"]
[BlackClock "0:00:17"]

1. Nf3 d5 2. d4 Nf6 3. c4 e6 4. g3 Nbd7 5. Bg2 dxc4 6. O-O Be7 7. Qc2 Nb6 8. Nbd2 O-O 9. Nxc4 c5 10. Rd1 cxd4 11. Nxd4 Nxc4 12. Nc6 Qxd1+ 13. Qxd1 bxc6 14. Bxc6 Rb8 15. b3 Na5 16. Bf3 Rd8 17. Qc2 Bb7 18. Bxb7 Rxb7 19. Bd2 Bb4 20. Bxb4 Rxb4 21. Qc7 Nb7 22. Qe7 Rbd4 23. Qxb7 R4d7 24. Qf3 h6 25. Kg2 Rd2 26. Rc1 Rxa2 27. Rc7 a5 28. e4 Rf8 29. Ra7 e5 30. Qd3 Ng4 31. Qb5 Rxf2+ 32. Kg1 Rc8 33. Rc7 Rf8 34. h3 Rf3 35. hxg4 Rxg3+ 36. Kh2 Rxg4 37. Qxa5 Rxe4 38. b4 g5 39. b5 Kg7 40. b6 Re2+ 41. Kg3 Rd8 42. Qc3 Rd4 43. b7 h5 44. b8=Q h4+ 45. Kh3 g4+ 46. Kxh4 Rh2+ 47. Kg5 Rh3 0-1


[Site "https://www.chess.com"]

[Event "Titled Tuesday Blitz February 22 Early 2022"]
[White "Estrada Nieto, Julian"]
[Black "Hua, Lefong"]
[WhiteFideId "5101018"]
[BlackFideId "2602253"]
[WhiteElo "2246"]
[BlackElo "2567"]
[Result "0-1"]
[Round "10"]
[TimeControl "180+1"]
[Date "2022.02.22"]
[WhiteClock "0:00:04"]
[BlackClock "0:00:16"]

1. e4 c5 2. Nf3 g6 3. d4 cxd4 4. Qxd4 Nf6 5. Nc3 Nc6 6. Qa4 d6 7. e5 dxe5 8. Nxe5 Bg7 9. Nxc6 bxc6 10. Qxc6+ Bd7 11. Qf3 O-O 12. Be2 Rc8 13. O-O Bc6 14. Qh3 Qb6 15. Rb1 Ne4 16. Nxe4 Bxe4 17. Bd3 Bxd3 18. Qxd3 Rfd8 19. Qe2 Rd7 20. Be3 Qe6 21. b3 Bc3 22. Rfd1 Rdc7 23. h3 h5 24. Rd3 Kh7 25. Rbd1 a5 26. Qf3 a4 27. Bf4 Rc6 28. Re3 Qf6 29. Rdd3 axb3 30. axb3 Bb2 31. c4 Rb6 32. Re4 Ra6 33. Rd1 e5 34. Be3 Qxf3 35. gxf3 Rb8 36. f4 f5 37. Rxe5 Bxe5 38. fxe5 Rxb3 39. Rd7+ Kg8 40. c5 Re6 41. Bd4 Rd3 42. Kf1 Rxe5 43. Rd8+ Kf7 44. Bxe5 Rxd8 45. c6 Rd1+ 46. Ke2 Rc1 47. c7 Ke6 48. f4 g5 49. Bb2 Rc6 50. fxg5 Rxc7 51. Kf3 Rc4 52. Bf6 f4 53. h4 Kf5 54. Be7 Rc3+ 55. Kf2 Rh3 56. Bd6 Rxh4 57. Kf3 Rh3+ 58. Kg2 Rg3+ 59. Kh2 Rxg5 60. Kh3 Rg4 61. Bc7 f3 62. Bb6 Ke4 63. Bf2 Kd3 64. Bg3 Ke2 65. Bh4 f2 0-1


[Site "https://www.chess.com"]

[Event "Titled Tuesday Blitz February 22 Early 2022"]
[White "Eynullayev, Atilla"]
[Black "Samant Aditya S"]
[WhiteFideId "13413570"]
[BlackFideId "35080580"]
[WhiteElo "1979"]
[BlackElo "1916"]
[Result "0-1"]
[Round "10"]
[TimeControl "180+1"]
[Date "2022.02.22"]
[WhiteClock "0:00:02"]
[BlackClock "0:00:20"]

1. e4 c5 2. Nf3 d6 3. d4 cxd4 4. Nxd4 Nf6 5. Nc3 Nc6 6. Bg5 e6 7. Bb5 Qb6 8. Be3 Qc7 9. O-O a6 10. Be2 Be7 11. f4 O-O 12. Kh1 Bd7 13. a4 Nxd4 14. Qxd4 Bc6 15. Bf3 Rac8 16. a5 Nd7 17. Rf2 Rfd8 18. Qd3 Nc5 19. Qe2 Bh4 20. Rff1 Bf6 21. e5 Bxf3 22. Qxf3 dxe5 23. Bxc5 Qxc5 24. Ne4 Qe7 25. f5 Rxc2 26. Rad1 Rxd1 27. Rxd1 h6 28. Qb3 Rc6 29. fxe6 Rxe6 30. Rc1 Kh7 31. Rc8 Rc6 0-1


[Site "https://www.chess.com"]

[Event "Titled Tuesday Blitz February 22 Early 2022"]
[White "FGHSMN"]
[Black "Goltsev, Dmitry"]
[BlackFideId "24176710"]
[WhiteElo "2799"]
[BlackElo "2273"]
[Result "1-0"]
[Round "10"]
[TimeControl "180+1"]
[Date "2022.02.22"]
[WhiteClock "0:00:22"]
[BlackClock "0:00:33"]

1. b3 b6 2. e4 Bb7 3. Nc3 g6 4. d4 Bg7 5. Bb2 e6 6. Nf3 Ne7 7. Bd3 O-O 8. O-O d6 9. Qd2 Nd7 10. a4 a5 11. Bb5 c6 12. Bd3 d5 13. e5 c5 14. Nb5 Nf5 15. Bxf5 exf5 16. Rfe1 Bc6 17. e6 fxe6 18. Rxe6 Bxb5 19. axb5 Nf6 20. dxc5 Ne4 21. Qc1 bxc5 22. Bxg7 Kxg7 23. Qb2+ Kg8 24. b6 Ra6 25. Ne5 d4 26. b4 Rxb6 27. Rxb6 Qxb6 28. Nd7 Qxb4 29. Qa2+ c4 30. Nxf8 Kxf8 31. Qxa5 Qb2 32. Qd8+ Kf7 33. Ra7+ Ke6 34. Re7+ Kf6 35. Rxe4+ Kg7 36. Qxd4+ 1-0


[Site "https://www.chess.com"]

[Event "Titled Tuesday Blitz February 22 Early 2022"]
[White "Fathy, Elameir"]
[Black "Barbashin, Igor"]
[WhiteFideId "10600396"]
[BlackFideId "4155718"]
[WhiteElo "2311"]
[BlackElo "2138"]
[Result "1-0"]
[Round "10"]
[TimeControl "180+1"]
[Date "2022.02.22"]
[WhiteClock "0:00:06"]
[BlackClock "0:00:01"]

1. d4 Nf6 2. c4 c5 3. d5 e6 4. Nc3 exd5 5. cxd5 d6 6. e4 g6 7. h3 Bg7 8. Bd3 O-O 9. Nf3 a6 10. a4 Re8 11. O-O Nbd7 12. Bf4 Qc7 13. Nd2 Ne5 14. Be2 Rb8 15. Bh2 c4 16. Bxe5 Rxe5 17. Nxc4 Rxe4 18. Nxe4 Nxe4 19. a5 Bd7 20. Rc1 Re8 21. Bd3 Nc5 22. b4 Nxd3 23. Qxd3 Bb5 24. Qb3 Rc8 25. Ne3 Qxc1 26. Rxc1 Rxc1+ 27. Kh2 Bd4 28. Qa3 Rc3 29. Qa2 Bxe3 30. fxe3 Rxe3 31. Qf2 Re5 32. Qd4 h5 33. Kg3 Kg7 34. Kf4 g5+ 35. Kf3 Kg6 36. g4 hxg4+ 37. hxg4 Be2+ 38. Kf2 Bb5 39. Kf3 Kg7 40. Kf2 Kf6 41. Kf3 Ke7 42. Qb6 Rxd5 43. Qxb7+ Ke6 44. Qc8+ Kf6 45. Qh8+ Ke7 46. Qb8 f5 47. Qc7+ Kf6 48. Qd8+ Ke6 49. Qg8+ Ke5 50. Qxg5 Kd4 51. Qe3+ Kc4 52. Qe6 fxg4+ 53. Kxg4 Bc6 54. Kf4 Kxb4 55. Qe1+ Kb5 56. Qb1+ Kxa5 57. Qa2+ Kb6 58. Ke3 Rb5 59. Qa3 Bd5 60. Qxd6+ Ka5 61. Qc7+ Ka4 62. Qc2+ Bb3 63. Qc3 a5 64. Qa1+ Kb4 65. Qd4+ Ka3 66. Qa1+ Ba2 67. Qc1+ Ka4 68. Qc2+ Rb3+ 69. Kd2 Ka3 70. Qc1+ Kb4 71. Qe1 Ka4 72. Kc1 Ka3 73. Qe8 Rb1+ 74. Kc2 Rb2+ 75. Kc3 Rb4 76. Kc2 Rb2+ 77. Kc1 Rb4 78. Qe7 a4 79. Qe3+ Rb3 80. Qc5+ 1-0


[Site "https://www.chess.com"]

[Event "Titled Tuesday Blitz February 22 Early 2022"]
[White "Fiorito, Fabian"]
[Black "Moksh Amit Doshi"]
[WhiteFideId "100200"]
[BlackFideId "25064967"]
[WhiteElo "2395"]
[BlackElo "2245"]
[Result "0-1"]
[Round "10"]
[TimeControl "180+1"]
[Date "2022.02.22"]
[WhiteClock "0:00:41"]
[BlackClock "0:00:35"]

1. d4 Nf6 2. Nc3 d5 3. Bf4 e6 4. Nb5 Na6 5. e3 Be7 6. Nf3 O-O 7. h4 c5 8. c3 Bd7 9. a4 c4 10. Ne5 Bxb5 11. axb5 Nc7 12. g4 Nxb5 13. f3 Bd6 14. h5 Nd7 15. g5 Qc7 16. g6 Nxe5 17. gxh7+ Kxh7 18. Qc2+ Nd3+ 19. Bxd3+ cxd3 20. Qxd3+ f5 21. Qxb5 Bxf4 22. exf4 Qxf4 23. Kf2 Qd2+ 24. Qe2 Qxe2+ 25. Kxe2 a6 26. f4 Rf6 27. Kf3 Rh6 28. Rag1 Kg8 29. Rg5 Kf7 30. Rhg1 Rh7 31. Ra1 Rah8 32. Rh1 Rc8 33. Ra1 Rc4 34. Ke3 Rc6 35. Kd3 Rc7 36. Ra3 Rh6 37. Rb3 Kf6 38. Rb6 Re7 39. b3 g6 40. hxg6 Rxg6 41. Rxg6+ Kxg6 42. c4 Kh5 43. Ke3 Kg4 44. c5 Rh7 45. Rxe6 Rh3+ 46. Kd2 Rxb3 47. Re5 Kxf4 48. Rxd5 Ke4 49. Re5+ Kxd4 50. Rxf5 Rb2+ 51. Kc1 Rb5 52. Rf7 Kxc5 53. Kc2 Kb6 54. Kc3 Ka5 55. Rf1 Rc5+ 56. Kb3 b5 57. Rf6 Rh5 58. Kb2 b4 59. Kb3 Rh3+ 60. Kc4 Rc3+ 61. Kd4 Rc8 62. Kd3 Kb5 63. Kd2 a5 64. Rf5+ Ka4 65. Re5 b3 66. Kd1 Kb4 67. Re4+ Ka3 68. Re3 a4 69. Re4 b2 70. Re3+ Ka2 71. Re2 Ka1 0-1


[Site "https://www.chess.com"]

[Event "Titled Tuesday Blitz February 22 Early 2022"]
[White "Freitag, Manfred"]
[Black "Vakhlamov, Igor L."]
[WhiteFideId "1602004"]
[BlackFideId "24126748"]
[WhiteElo "2275"]
[BlackElo "2401"]
[Result "0-1"]
[Round "10"]
[TimeControl "180+1"]
[Date "2022.02.22"]
[WhiteClock "0:00:04"]
[BlackClock "0:00:08"]

1. e4 e6 2. d4 d5 3. e5 c5 4. c3 Ne7 5. Nf3 Nbc6 6. h4 Qb6 7. Bd3 Bd7 8. O-O cxd4 9. Re1 dxc3 10. bxc3 Nf5 11. Nbd2 Bc5 12. Qe2 Ng3 13. Qd1 Bxf2+ 14. Kh2 Bxe1 15. Qxe1 Nf5 16. Bxf5 exf5 17. Ba3 h6 18. Bd6 Qd8 19. c4 d4 20. c5 Be6 21. Rb1 Qd7 22. Nb3 g5 23. Kg1 Rg8 24. hxg5 hxg5 25. Nfxd4 Bd5 26. Nb5 Rc8 27. Na5 f4 28. Qd2 Be4 29. Re1 Nxa5 30. Qxa5 Bc6 31. e6 fxe6 32. Nd4 Rg6 33. Qc3 Kf7 34. Re5 Bd5 35. Qd3 Rcg8 36. Nf5 Qa4 37. Rxd5 exd5 38. Qxd5+ Ke8 39. Be5 Qd7 40. Nd6+ Kf8 41. Bd4 Re6 42. Qf5+ Ke7 43. Qf7+ Kd8 44. Qxg8+ Kc7 45. Qc8+ Qxc8 46. Nxc8 Kxc8 47. Kf2 Re4 48. Bf6 g4 49. Bg5 Ra4 50. Bxf4 Rxf4+ 51. Kg3 Ra4 52. c6 bxc6 0-1


[Site "https://www.chess.com"]

[Event "Titled Tuesday Blitz February 22 Early 2022"]
[White "Gabdrakhmanov, Azat"]
[Black "Dauner, Benedikt"]
[WhiteFideId "34189197"]
[BlackFideId "16225899"]
[WhiteElo "2279"]
[BlackElo "2230"]
[Result "1-0"]
[Round "10"]
[TimeControl "180+1"]
[Date "2022.02.22"]
[WhiteClock "0:00:20"]
[BlackClock "0:00:01"]

1. e4 a6 2. d4 d6 3. f4 Nd7 4. Nf3 e6 5. Nc3 b5 6. Bd3 Bb7 7. O-O Ngf6 8. e5 Nd5 9. Nxd5 Bxd5 10. b3 Be7 11. c4 bxc4 12. bxc4 Bb7 13. Rb1 Rb8 14. Rb3 O-O 15. Qe2 Re8 16. Bxh7+ Kxh7 17. Ng5+ Kg8 18. Qh5 Bxg5 19. fxg5 g6 20. Qh6 Bxg2 21. Rf4 f5 22. gxf6 Re7 23. Qxg6+ 1-0


[Site "https://www.chess.com"]

[Event "Titled Tuesday Blitz February 22 Early 2022"]
[White "Gabrielian, Artur"]
[Black "Vidit, Santosh Gujrathi"]
[WhiteFideId "4131002"]
[BlackFideId "5029465"]
[WhiteElo "2440"]
[BlackElo "2654"]
[Result "0-1"]
[Round "10"]
[TimeControl "180+1"]
[Date "2022.02.22"]
[WhiteClock "0:00:02"]
[BlackClock "0:00:13"]

1. e4 e5 2. Nf3 Nc6 3. Bc4 Nf6 4. d3 Be7 5. a4 O-O 6. O-O d6 7. Re1 Kh8 8. Nc3 Be6 9. h3 a5 10. Be3 d5 11. exd5 Nxd5 12. Nxd5 Bxd5 13. Nd2 f5 14. Bxd5 Qxd5 15. Qf3 Qe6 16. Nb3 b6 17. Bd2 Rae8 18. Bc3 Bb4 19. Bxb4 Nxb4 20. Re2 c5 21. Rae1 Qd6 22. Qh5 g6 23. Qg5 Kg7 24. Qc1 c4 25. dxc4 e4 26. Rd2 Qc6 27. Red1 Qxc4 28. Nd4 Rf7 29. Qa1 Kg8 30. b3 Qc5 31. Qb2 f4 32. Ne2 e3 33. fxe3 Qxe3+ 34. Kh1 f3 35. Ng1 f2 36. Nf3 Rxf3 37. gxf3 Qxf3+ 38. Kh2 f1=Q 39. Rxf1 Qxf1 40. c4 Qf4+ 41. Kg2 Qe4+ 42. Kh2 Nd3 43. Qc3 Qf4+ 44. Kg2 Ne1+ 45. Kg1 Nf3+ 0-1


[Site "https://www.chess.com"]

[Event "Titled Tuesday Blitz February 22 Early 2022"]
[White "Gaehwiler, Gabriel"]
[Black "Manukyan, Artyom"]
[WhiteFideId "1314530"]
[BlackFideId "13305786"]
[WhiteElo "2383"]
[BlackElo "2034"]
[Result "1-0"]
[Round "10"]
[TimeControl "180+1"]
[Date "2022.02.22"]
[WhiteClock "0:00:20"]
[BlackClock "0:00:05"]

1. Nf3 d5 2. d4 e6 3. c4 Nf6 4. g3 Be7 5. Bg2 O-O 6. O-O dxc4 7. Qc2 a6 8. Qxc4 Bd7 9. Qc2 Bc6 10. Rd1 Bxf3 11. Bxf3 c6 12. Nc3 a5 13. e4 Na6 14. a3 h6 15. Be3 Rc8 16. Qb3 b5 17. Rac1 a4 18. Qa2 Qa5 19. Kg2 Rfd8 20. d5 cxd5 21. exd5 exd5 22. Nxd5 Nxd5 23. Bxd5 Rxc1 24. Bxf7+ Kh8 25. Rxc1 b4 26. Qe6 Bf6 27. Rc6 Nb8 28. axb4 Qxb4 29. Rb6 Qe7 30. Qxe7 Bxe7 31. Rb7 Bf6 32. Bc4 Rc8 33. Bb5 Bxb2 34. Bxa4 Be5 35. Re7 Bf6 36. Re6 Kg8 37. Bb3 Kf8 38. Bxh6 Nd7 39. Be3 Nc5 40. Bxc5+ Rxc5 41. Re2 Rc3 42. Bd5 Bd4 43. h4 Ra3 44. Be4 Ra4 45. Bg6 Ra8 46. Kh3 Bf6 47. g4 Ra3+ 48. Kg2 Be7 49. g5 Ra4 50. Kg3 Ra3+ 51. f3 Bd6+ 52. Kg2 Be7 53. Re4 Rb3 54. Rf4+ Kg8 55. Bf7+ 1-0


[Site "https://www.chess.com"]

[Event "Titled Tuesday Blitz February 22 Early 2022"]
[White "Galchenko, Matvey"]
[Black "Kozak, Antoni"]
[WhiteFideId "24175480"]
[BlackFideId "21832030"]
[WhiteElo "2453"]
[BlackElo "2232"]
[Result "1-0"]
[Round "10"]
[TimeControl "180+1"]
[Date "2022.02.22"]
[WhiteClock "0:00:51"]
[BlackClock "0:00:01"]

1. f4 d5 2. Nf3 g6 3. g3 Bg7 4. Bg2 Nh6 5. O-O O-O 6. d3 Nc6 7. e4 dxe4 8. dxe4 Bg4 9. c3 Qxd1 10. Rxd1 Rfd8 11. Re1 e5 12. Na3 Re8 13. Nb5 Rac8 14. Be3 a6 15. Na3 exf4 16. Bxf4 Bf8 17. Nc2 Bxf3 18. Bxf3 Ne5 19. Be2 Nhg4 20. h3 Nf6 21. Kg2 Nxe4 22. Bxa6 bxa6 23. Rxe4 Nd3 24. Rxe8 Rxe8 25. Kf3 Nxb2 26. Bxc7 Na4 27. Ba5 Nxc3 28. a4 Rc8 29. Ne3 Bg7 30. Rc1 f5 31. Bb4 Rc7 32. Ba5 Rc5 33. Bb6 Rc6 34. a5 Re6 35. Rc2 h5 36. Rd2 Kh7 37. Rd7 Na4 38. Bd4 g5 39. Rxg7+ Kh6 40. Nxf5# 1-0


[Site "https://www.chess.com"]

[Event "Titled Tuesday Blitz February 22 Early 2022"]
[White "Galyas, Miklos"]
[Black "Arabidze, Meri"]
[WhiteFideId "707244"]
[BlackFideId "13604040"]
[WhiteElo "2409"]
[BlackElo "2329"]
[Result "0-1"]
[Round "10"]
[TimeControl "180+1"]
[Date "2022.02.22"]
[WhiteClock "0:00:18"]
[BlackClock "0:01:07"]

1. c4 e6 2. g3 f5 3. Bg2 Nf6 4. Nf3 d5 5. O-O d4 6. d3 c5 7. e3 Nc6 8. exd4 cxd4 9. Re1 Bd6 10. a3 a5 11. Nbd2 O-O 12. Rb1 Re8 13. Qc2 Nd7 14. b3 h6 15. Nh4 Nc5 16. b4 axb4 17. axb4 Na4 18. b5 Nb4 19. Qb3 Nc3 20. c5 Bxc5 21. Nxf5 Nxd3 22. Rf1 Nxc1 23. Rbxc1 Ne2+ 24. Kh1 Nxc1 25. Rxc1 Ra3 26. Qc4 Rc3 27. Rxc3 dxc3 28. Nf1 Bxf2 29. Nh4 Qd4 30. Qc7 Bd7 31. Nf3 Qd1 32. Ne5 Rc8 33. Qxb7 c2 0-1


[Site "https://www.chess.com"]

[Event "Titled Tuesday Blitz February 22 Early 2022"]
[White "Gelman, Alexander"]
[Black "Timofeev, Artyom"]
[WhiteFideId "4118316"]
[BlackFideId "4140419"]
[WhiteElo "2375"]
[BlackElo "2583"]
[Result "1-0"]
[Round "10"]
[TimeControl "180+1"]
[Date "2022.02.22"]
[WhiteClock "0:00:07"]
[BlackClock "0:00:52"]

1. d4 d5 2. Nc3 Nf6 3. Bf4 a6 4. e3 c5 5. Nf3 Nc6 6. Ne5 e6 7. Qf3 cxd4 8. Nxc6 bxc6 9. exd4 c5 10. O-O-O cxd4 11. Rxd4 Qb6 12. Rd1 Be7 13. h4 Bb7 14. Qh3 Rc8 15. h5 d4 16. Ne2 Ne4 17. h6 g5 18. Be5 Qc5 19. Qb3 Qxe5 20. Qxb7 O-O 21. Qxe7 Nxf2 22. Rh5 Qe3+ 23. Kb1 Ne4 24. Rxd4 Qf2 25. Rxg5+ Kh8 26. Rxe4 Qxf1+ 27. Nc1 Rcd8 28. Rxe6 1-0


[Site "https://www.chess.com"]

[Event "Titled Tuesday Blitz February 22 Early 2022"]
[White "Ginzburg, Yakov"]
[Black "Popadic, Dragan"]
[WhiteFideId "4157176"]
[BlackFideId "913650"]
[WhiteElo "2265"]
[BlackElo "2199"]
[Result "0-1"]
[Round "10"]
[TimeControl "180+1"]
[Date "2022.02.22"]
[WhiteClock "0:00:19"]
[BlackClock "0:01:00"]

1. e4 c5 2. Nf3 Nc6 3. d4 cxd4 4. Nxd4 Nf6 5. Nc3 e5 6. Ndb5 d6 7. Bg5 a6 8. Na3 b5 9. Nd5 Be7 10. Bxf6 Bxf6 11. c3 O-O 12. Nc2 Bg5 13. h4 Bh6 14. g3 Be6 15. Bh3 Rb8 16. a3 Qd7 17. g4 Bf4 18. Qf3 Kh8 19. Nxf4 exf4 20. Qxf4 Ne5 21. O-O-O Rfd8 22. f3 a5 23. h5 h6 24. Nd4 Qe7 25. Nxe6 fxe6 26. Qe3 b4 27. f4 Nc4 28. Qd4 Rdc8 29. Bf1 d5 30. Bxc4 Rxc4 31. Qe5 Rbc8 32. g5 Rxe4 33. Qxe4 dxe4 34. axb4 axb4 35. g6 bxc3 36. bxc3 Rxc3+ 37. Kd2 Rd3+ 38. Ke2 Qd6 39. Rxd3 Qxd3+ 40. Kf2 Qf3+ 41. Kg1 e3 0-1


[Site "https://www.chess.com"]

[Event "Titled Tuesday Blitz February 22 Early 2022"]
[White "Goltseva, Ekaterina"]
[Black "Namitbir Singh Walia"]
[WhiteFideId "24173770"]
[BlackFideId "35071068"]
[WhiteElo "2140"]
[BlackElo "1479"]
[Result "0-1"]
[Round "10"]
[TimeControl "180+1"]
[Date "2022.02.22"]
[WhiteClock "0:00:22"]
[BlackClock "0:00:09"]

1. d4 d5 2. c4 c6 3. Nf3 Nf6 4. g3 e6 5. Bg2 dxc4 6. O-O b5 7. Ne5 Bb7 8. a4 Qb6 9. e4 Nbd7 10. Be3 Qc7 11. f4 Be7 12. Nc3 a6 13. Qf3 O-O 14. g4 b4 15. Ne2 c5 16. Ng3 cxd4 17. Bxd4 Bc5 18. Bxc5 Qxc5+ 19. Kh1 Nxe5 20. fxe5 Qxe5 21. Rae1 Rad8 22. Qe2 c3 23. bxc3 bxc3 24. Qf3 Rd2 25. g5 Qxg5 26. Qxc3 Rxg2 27. Kxg2 Nxe4 28. Rxe4 Bxe4+ 29. Kg1 Bd5 30. Qd3 h5 31. Kf2 h4 32. Ne2 Qg2+ 33. Ke1 Rb8 34. Rg1 Be4 35. Rxg2 Bxd3 36. Nc1 Rb1 37. Kd1 Be4 38. Rd2 g5 39. Rd4 Bd5 40. Kc2 Rb6 41. Nd3 Rc6+ 42. Kd2 Rc4 43. Rxc4 Bxc4 44. Ne5 Bd5 45. h3 Kg7 46. Kc3 f5 47. Nd7 g4 48. Nc5 gxh3 49. Nd3 h2 50. Nf2 h1=Q 51. Nxh1 Bxh1 52. Kd4 Bb7 53. Ke5 h3 54. Kd6 h2 0-1


[Site "https://www.chess.com"]

[Event "Titled Tuesday Blitz February 22 Early 2022"]
[White "Golubenko, Valentina"]
[Black "Van den Dikkenberg, Erik"]
[WhiteFideId "4501993"]
[BlackFideId "1005880"]
[WhiteElo "2164"]
[BlackElo "2118"]
[Result "0-1"]
[Round "10"]
[TimeControl "180+1"]
[Date "2022.02.22"]
[WhiteClock "0:00:07"]
[BlackClock "0:00:12"]

1. d4 Nf6 2. g3 g6 3. Bg2 Bg7 4. c4 O-O 5. Nc3 d6 6. d5 e5 7. Nf3 Nbd7 8. O-O a5 9. e4 Nc5 10. Re1 Bd7 11. Rb1 a4 12. b3 a3 13. b4 Na4 14. Nxa4 Bxa4 15. Qd3 Bd7 16. Bxa3 Qb8 17. Re2 Qa7 18. Bc1 Qa4 19. Reb2 Ra7 20. Be3 b6 21. Nd2 Rfa8 22. c5 Bb5 23. Qc3 Qa6 24. Bf1 Ng4 25. cxb6 cxb6 26. Bxb5 Qxb5 27. Nc4 Nxe3 28. Nxe3 Bh6 29. Nc4 Rxa2 30. Nxd6 Rxb2 31. Qxb2 Qd3 32. Qb3 Qe2 33. Qc3 Bd2 34. Qxe5 Be1 35. Qf6 Rf8 36. e5 Bc3 0-1


[Site "https://www.chess.com"]